IL
FRESNO GRIZZLIES @ TACOMA RAINIERS
08/11/2048
 
TOP OF THE 1ST
Fresno Grizzlies batting - Pitching for Tacoma Rainiers : RHP Justin Lee
Pitching: RHP Justin Lee
Batting: RHB Dale Young 0-0: Called Strike
0-1: Ball
1-1: Ball
2-1: Foul Ball, location: 2F
2-2: Foul Ball, location: 2F
2-2: Foul Ball, location: 2F
2-2: Ball
3-2: SINGLE (Line Drive, 34D, EV 100.6 MPH)
Batting: LHB Bob Dietz 0-0: Ball
1-0: Fly out, F8 (Flyball, 8LM, EV 80.0 MPH)
Batting: LHB Angelo Vasquez 0-0: Called Strike
Dale Young steals 2nd base
0-1: Fly out, F8 (Line Drive, 8LD, EV 93.1 MPH)
Batting: LHB Danny Wolver 0-0: Foul Ball, location: 2F
0-1: Ball
1-1: Foul Ball, location: 2F
1-2: Foul Ball, location: 2F
1-2: Hit by Pitch
Batting: SHB Troy Kenyon 0-0: Foul Ball, location: 2F
0-1: Swinging Strike
0-2: Strikes out swinging
Top of the 1st over - 0 runs, 1 hit, 0 errors, 2 left on base; Fresno 0 - Tacoma 0
BOTTOM OF THE 1ST
Tacoma Rainiers batting - Pitching for Fresno Grizzlies : LHP Jimmy Edlin
Pitching: LHP Jimmy Edlin
Batting: RHB Rick Ellis 0-0: Ball
1-0: Ground out 4-3 (Groundball, 4, EV 83.1 MPH)
Batting: RHB Enrique Valdez 0-0: Ball
1-0: DOUBLE (Flyball, 8RXD, EV 101.2 MPH)
Batting: RHB Brad Robidas 0-0: Ball
1-0: Ball
2-0: Foul Ball, location: 2F
2-1: Swinging Strike
2-2: Foul Ball, location: 2F
2-2: Foul Ball, location: 2F
2-2: Ball
3-2: Strikes out swinging
Batting: RHB Josh Ruhl 0-0: Ball
Wild Pitch!
Enrique Valdez to third
1-0: Called Strike
1-1: Ball
2-1: Foul Ball, location: 2F
2-2: Fly out, F7 (Flyball, 7S, EV 78.1 MPH)
Bottom of the 1st over - 0 runs, 1 hit, 0 errors, 1 left on base; Fresno 0 - Tacoma 0
TOP OF THE 2ND
Fresno Grizzlies batting - Pitching for Tacoma Rainiers : RHP Justin Lee
Batting: LHB Mark Dearth 0-0: Ball
1-0: Called Strike
1-1: Foul Ball, location: 2F
1-2: SINGLE (Line Drive, 6D, EV 107.5 MPH)
Batting: RHB Mark Marks 0-0: Fly out, F7 (Flyball, 78M, EV 84.4 MPH)
Batting: RHB Nick Deegan 0-0: Ball
1-0: Ball
2-0: Called Strike
2-1: SINGLE (Groundball, 34D, EV 103.8 MPH)
Mark Dearth to second
Runner from 2nd tries for 3rd, SAFE, throw by RF made to third
Batting: RHB Workneh Lagat 0-0: Swinging Strike
0-1: Called Strike
0-2: Ball
1-2: Ball
2-2: Ball
3-2: Fly out, F8 (Flyball, 8LD, EV 95.6 MPH)
Runner from 3rd tags up, SCORES, throw by CF
Batting: RHB Dale Young 0-0: Ball
1-0: Foul Ball, location: 2F
1-1: Swinging Strike
1-2: Foul Ball, location: 2F
1-2: Ball
2-2: Strikes out looking
Top of the 2nd over - 1 run, 2 hits, 0 errors, 1 left on base; Fresno 1 - Tacoma 0
BOTTOM OF THE 2ND
Tacoma Rainiers batting - Pitching for Fresno Grizzlies : LHP Jimmy Edlin
Batting: RHB Zach Downs 0-0: Called Strike
0-1: Ball
1-1: Ball
2-1: Called Strike
2-2: Ball
3-2: Ground out 6-3 (Groundball, 56, EV 86.9 MPH)
Batting: SHB Ray Skogen 0-0: Ball
1-0: Ground out 6-3 (Groundball, 6, EV 86.2 MPH)
Batting: RHB Jeff Cox 0-0: Foul Ball, location: 2F
0-1: Ball
1-1: Foul Ball, location: 2F
1-2: Ball
2-2: Foul Ball, location: 2F
2-2: Fly out, F8 (Flyball, 8LS, EV 94.4 MPH)
Bottom of the 2nd over - 0 runs, 0 hits, 0 errors, 0 left on base; Fresno 1 - Tacoma 0
TOP OF THE 3RD
Fresno Grizzlies batting - Pitching for Tacoma Rainiers : RHP Justin Lee
Batting: LHB Bob Dietz 0-0: Ball
1-0: Ball
2-0: SINGLE (Flyball, 5D, EV 90.0 MPH)
Batting: LHB Angelo Vasquez 0-0: Called Strike
0-1: Ball
1-1: Ball
2-1: Swinging Strike
2-2: SINGLE (Line Drive, 78M, EV 98.1 MPH)
Bob Dietz to second
Batting: LHB Danny Wolver 0-0: Ball
1-0: Fielders Choice at 2nd, 4-6 (Groundball, 4, EV 91.9 MPH)
Bob Dietz to third
Batting: SHB Troy Kenyon 0-0: Ball
1-0: Ball
2-0: Ball
3-0: Swinging Strike
3-1: Swinging Strike
3-2: Strikes out swinging
Batting: LHB Mark Dearth 0-0: Swinging Strike
0-1: Ball
1-1: Ball
2-1: SINGLE (Line Drive, 7S, EV 103.1 MPH)
Bob Dietz scores
Danny Wolver to second
Batting: RHB Mark Marks 0-0: Ball
1-0: Ball
2-0: Fielders Choice at 2nd, 6-4 (Groundball, 6, EV 87.5 MPH)
Top of the 3rd over - 1 run, 3 hits, 0 errors, 2 left on base; Fresno 2 - Tacoma 0
BOTTOM OF THE 3RD
Tacoma Rainiers batting - Pitching for Fresno Grizzlies : LHP Jimmy Edlin
Batting: LHB Ryan Lowe 0-0: Ball
1-0: Swinging Strike
1-1: Ground out U3 (Groundball, 3, EV 88.1 MPH)
Batting: LHB Josh Pittman 0-0: Called Strike
0-1: Swinging Strike
0-2: Strikes out swinging
Batting: RHB Rick Ellis 0-0: Ball
1-0: Called Strike
1-1: Called Strike
1-2: Strikes out swinging
Bottom of the 3rd over - 0 runs, 0 hits, 0 errors, 0 left on base; Fresno 2 - Tacoma 0
TOP OF THE 4TH
Fresno Grizzlies batting - Pitching for Tacoma Rainiers : RHP Justin Lee
Batting: RHB Nick Deegan 0-0: Ball
1-0: Called Strike
1-1: Foul Ball, location: 2F
1-2: Ball
2-2: Foul Ball, location: 2F
2-2: Foul Ball, location: 2F
2-2: Ball
3-2: Fly out, F9 (Flyball, 89M, EV 86.9 MPH)
Batting: RHB Workneh Lagat 0-0: Called Strike
0-1: Foul Ball, location: 2F
0-2: Ball
1-2: Ball
2-2: Ball
3-2: Strikes out swinging
Batting: RHB Dale Young 0-0: Foul Ball, location: 2F
0-1: Foul Ball, location: 2F
0-2: Ball
1-2: Ball
2-2: Fly out, F7 (Line Drive, 7, EV 92.5 MPH)
Top of the 4th over - 0 runs, 0 hits, 0 errors, 0 left on base; Fresno 2 - Tacoma 0
BOTTOM OF THE 4TH
Tacoma Rainiers batting - Pitching for Fresno Grizzlies : LHP Jimmy Edlin
Batting: RHB Enrique Valdez 0-0: Called Strike
0-1: Called Strike
0-2: Ball
1-2: Foul Ball, location: 2F
1-2: Ground out 1-3 (Groundball, 13S, EV 65.6 MPH)
Batting: RHB Brad Robidas 0-0: Called Strike
0-1: Foul Ball, location: 2F
0-2: Ball
1-2: Foul Ball, location: 2F
1-2: Ball
2-2: Strikes out swinging
Batting: RHB Josh Ruhl 0-0: Ball
1-0: Ball
2-0: Ground out 6-3 (Groundball, 6S, EV 88.1 MPH)
Bottom of the 4th over - 0 runs, 0 hits, 0 errors, 0 left on base; Fresno 2 - Tacoma 0
TOP OF THE 5TH
Fresno Grizzlies batting - Pitching for Tacoma Rainiers : RHP Justin Lee
Batting: LHB Bob Dietz 0-0: Foul Ball, location: 2F
0-1: Ball
1-1: Ground out 6-3 (Groundball, P, EV 82.5 MPH)
Batting: LHB Angelo Vasquez 0-0: Swinging Strike
0-1: Ball
1-1: Foul Ball, location: 2F
1-2: Foul Ball, location: 2F
1-2: SINGLE (Line Drive, 56D, EV 103.1 MPH)
Batting: LHB Danny Wolver 0-0: Called Strike
0-1: Called Strike
0-2: Foul Ball, location: 2F
0-2: Strikes out swinging
Batting: SHB Troy Kenyon 0-0: Ball
1-0: Foul Ball, location: 2F
1-1: Ball
2-1: Ball
3-1: Swinging Strike
3-2: Strikes out looking
Top of the 5th over - 0 runs, 1 hit, 0 errors, 1 left on base; Fresno 2 - Tacoma 0
BOTTOM OF THE 5TH
Tacoma Rainiers batting - Pitching for Fresno Grizzlies : LHP Jimmy Edlin
Batting: RHB Zach Downs 0-0: Ball
1-0: Foul Ball, location: 2F
1-1: Called Strike
1-2: Strikes out swinging
Batting: SHB Ray Skogen 0-0: Ball
1-0: Ball
2-0: Ball
3-0: Base on Balls
Batting: RHB Jeff Cox 0-0: Ball
Ray Skogen is caught stealing 2nd base 2-4
1-0: Ball
2-0: SINGLE (Groundball, 6MS, EV 75.6 MPH) (infield hit)
Batting: LHB Ryan Lowe 0-0: Fly out, F7 (Line Drive, 78S, EV 99.4 MPH)
Bottom of the 5th over - 0 runs, 1 hit, 0 errors, 1 left on base; Fresno 2 - Tacoma 0
TOP OF THE 6TH
Fresno Grizzlies batting - Pitching for Tacoma Rainiers : RHP Justin Lee
Pitching: RHP Sid Lampone
Batting: LHB Mark Dearth 0-0: Called Strike
0-1: Foul Ball, location: 2F
0-2: Ball
1-2: Fly out, F8 (Flyball, 89D, EV 88.8 MPH)
Batting: RHB Mark Marks 0-0: Ball
1-0: Called Strike
1-1: Ball
2-1: Called Strike
2-2: SINGLE (Line Drive, 6M, EV 94.4 MPH)
Batting: RHB Nick Deegan 0-0: Called Strike
0-1: Ball
1-1: Called Strike
1-2: Grounds into double play, 5-4-3 (Groundball, 56S, EV 78.8 MPH)
Top of the 6th over - 0 runs, 1 hit, 0 errors, 0 left on base; Fresno 2 - Tacoma 0
BOTTOM OF THE 6TH
Tacoma Rainiers batting - Pitching for Fresno Grizzlies : LHP Jimmy Edlin
Batting: LHB Josh Pittman 0-0: Fly out, F7 (Flyball, 7, EV 88.8 MPH)
Batting: RHB Rick Ellis 0-0: Ball
1-0: Ball
2-0: Ball
3-0: Base on Balls
Batting: RHB Enrique Valdez 0-0: Ball
1-0: Ball
2-0: Ball
3-0: Base on Balls
Rick Ellis to second
Pitching: RHP Jayson Campbell
Batting: RHB Brad Robidas 0-0: Ball
1-0: Called Strike
1-1: Foul Ball, location: 2F
1-2: Ball
2-2: Strikes out swinging
Batting: RHB Josh Ruhl 0-0: Foul Ball, location: 2F
0-1: Swinging Strike
0-2: Ball
1-2: Fly out, F8 (Flyball, 8RS, EV 86.2 MPH)
Bottom of the 6th over - 0 runs, 0 hits, 0 errors, 2 left on base; Fresno 2 - Tacoma 0
TOP OF THE 7TH
Fresno Grizzlies batting - Pitching for Tacoma Rainiers : RHP Sid Lampone
Batting: RHB Workneh Lagat 0-0: Swinging Strike
0-1: Ground out U3 (Groundball, 13, EV 84.4 MPH)
Batting: RHB Dale Young 0-0: Foul Ball, location: 2F
0-1: Called Strike
0-2: Fly out, F7 (Flyball, 7LMF, EV 95.0 MPH)
Batting: LHB Bob Dietz 0-0: Ball
1-0: Ball
2-0: Ball
3-0: Called Strike
3-1: Called Strike
3-2: Strikes out looking
Top of the 7th over - 0 runs, 0 hits, 0 errors, 0 left on base; Fresno 2 - Tacoma 0
BOTTOM OF THE 7TH
Tacoma Rainiers batting - Pitching for Fresno Grizzlies : RHP Jayson Campbell
Pitching: RHP Alex Salinas
Batting: RHB Zach Downs 0-0: Foul Ball, location: 2F
0-1: Ball
1-1: Fly out, F7 (Flyball, 7D, EV 98.1 MPH)
Batting: SHB Ray Skogen 0-0: Ball
1-0: Called Strike
1-1: Swinging Strike
1-2: Ground out 4-3 (Groundball, 4S, EV 75.0 MPH)
Batting: RHB Jeff Cox 0-0: Called Strike
0-1: Foul Ball, location: 2F
0-2: Ball
1-2: Foul Ball, location: 2F
1-2: Ball
2-2: Ball
3-2: Ground out 6-3 (Groundball, P, EV 88.8 MPH)
Bottom of the 7th over - 0 runs, 0 hits, 0 errors, 0 left on base; Fresno 2 - Tacoma 0
TOP OF THE 8TH
Fresno Grizzlies batting - Pitching for Tacoma Rainiers : RHP Sid Lampone
Pitching: RHP Jace Daniels
Batting: LHB Angelo Vasquez 0-0: Called Strike
0-1: Swinging Strike
0-2: Ball
1-2: Ball
2-2: Strikes out swinging
Batting: LHB Danny Wolver 0-0: Called Strike
0-1: SINGLE (Groundball, 6S, EV 66.2 MPH) (infield hit)
Batting: SHB Troy Kenyon 0-0: Ball
1-0: Called Strike
1-1: Grounds into double play, 5-4-3 (Groundball, 56, EV 88.8 MPH)
Top of the 8th over - 0 runs, 1 hit, 0 errors, 0 left on base; Fresno 2 - Tacoma 0
BOTTOM OF THE 8TH
Tacoma Rainiers batting - Pitching for Fresno Grizzlies : RHP Alex Salinas
Batting: LHB Ryan Lowe 0-0: Ball
1-0: Ball
2-0: Ball
3-0: Called Strike
3-1: Base on Balls
Batting: LHB Josh Pittman 0-0: Ball
1-0: Called Strike
1-1: Foul Ball, location: 2F
1-2: Foul Ball, location: 2F
1-2: Strikes out looking
Batting: RHB Rick Ellis 0-0: Foul Ball, location: 2F
0-1: Foul Ball, location: 2F
0-2: Foul Ball, location: 2F
0-2: Ball
1-2: Ball
2-2: Ball
3-2: Base on Balls
Ryan Lowe to second
Batting: RHB Enrique Valdez 0-0: Called Strike
0-1: Called Strike
0-2: Ball
1-2: Grounds into double play, 6-4-3 (Groundball, 6, EV 107.5 MPH)
Bottom of the 8th over - 0 runs, 0 hits, 0 errors, 1 left on base; Fresno 2 - Tacoma 0
TOP OF THE 9TH
Fresno Grizzlies batting - Pitching for Tacoma Rainiers : RHP Jace Daniels
Pitching: LHP Adam Parrish
Batting: LHB Mark Dearth 0-0: Ball
1-0: Called Strike
1-1: Fly out, F8 (Flyball, 8RXD, EV 94.4 MPH)
Batting: RHB Mark Marks 0-0: Swinging Strike
0-1: Swinging Strike
0-2: Strikes out looking
Batting: RHB Nick Deegan 0-0: Foul Ball, location: 2F
0-1: Foul Ball, location: 2F
0-2: Strikes out swinging
Top of the 9th over - 0 runs, 0 hits, 0 errors, 0 left on base; Fresno 2 - Tacoma 0
BOTTOM OF THE 9TH
Tacoma Rainiers batting - Pitching for Fresno Grizzlies : RHP Alex Salinas
Pitching: LHP Dzintars Balodis
Batting: RHB Brad Robidas 0-0: Ball
1-0: Called Strike
1-1: Fly out, F8 (Flyball, 89M, EV 90.6 MPH)
Batting: RHB Josh Ruhl 0-0: Ball
1-0: Ball
2-0: Ball
3-0: Called Strike
3-1: Called Strike
3-2: Ground out 6-3 (Groundball, 6, EV 81.9 MPH)
Batting: RHB Zach Downs 0-0: Ball
1-0: SINGLE (Line Drive, 89S, EV 106.9 MPH)
Batting: SHB Ray Skogen 0-0: Called Strike
0-1: Called Strike
0-2: Strikes out swinging
Bottom of the 9th over - 0 runs, 1 hit, 0 errors, 1 left on base; Fresno 2 - Tacoma 0
Tuesday, March 28th , 2023 - OOTP Baseball 23.10 Build 110